 Dungeon Crawl Stone Soup version 0.20-a0-19-gd4fea00 (webtiles) character file.

1317 JustSomeDude the Purveyor of Pain (level 8, -4/54 HPs)
             Began as a Demonspawn Necromancer on Nov 4, 2016.
             Was an Initiate of Kikubaaqudgha.
             Slain by a gnoll (7 damage)
             ... on level 7 of the Dungeon on Nov 6, 2016.
             The game lasted 00:48:51 (7890 turns).

JustSomeDude the Purveyor of Pain (DsNe)            Turns: 7890, Time: 00:48:53

Health: -4/54      AC:  4    Str:  9    XL:     8   Next: 33%
Magic:  27/27      EV: 12    Int: 21    God:    Kikubaaqudgha [......]
Gold:   391        SH:  0    Dex: 14    Spells: 3 memorised, 11 levels left

rFire  . . .     SeeInvis .       - Unarmed
rCold  . . .     Gourm    .     a - +0 robe
rNeg   . . .     Faith    .     (no shield)
rPois  .         Spirit   .     u - +2 hat
rElec  .         Reflect  .     (no cloak)
rCorr  .         Harm     .     (no gloves)
MR     .....                    (no boots)
Stlth  ++........               (no amulet)
                                v - +3 ring of intelligence
                                j - ring of magical power

@: exhausted, hasted and slowed, drained
A: talons 1, powered by pain 2
a: Renounce Religion


You were on level 7 of the Dungeon.
You worshipped Kikubaaqudgha.
Kikubaaqudgha was noncommittal.
You were hungry.

You visited 2 branches of the dungeon, and saw 8 of its levels.

You collected 391 gold pieces.

Inventory:

Armour
 a - a +0 robe (worn)
 u - a +2 hat (worn)
 z - a +0 cloak
Jewellery
 j - a ring of magical power (left hand)
 l - an uncursed ring of magical power
 v - a +3 ring of intelligence (right hand)
Scrolls
 e - 9 scrolls of identify {unknown}
 h - 2 scrolls of enchant armour
 i - a scroll of random uselessness
 k - a scroll of teleportation
 s - 2 scrolls of magic mapping {unknown}
Potions
 m - a potion of haste
 o - a potion of magic
 p - a potion of resistance {unknown}
 t - a potion of degeneration {unknown}
 x - a potion of ambrosia {unknown}
 B - a potion of flight {unknown}
Books
 b - a book of Necromancy

   Spells                             Type                      Level
   a - Pain                           Necromancy                   1
   b - Animate Skeleton               Necromancy                   1
   c - Vampiric Draining              Necromancy                   3
   d - Regeneration                   Charms/Necromancy            3
   e - Animate Dead                   Necromancy                   4
   f - Control Undead                 Necromancy                   4
 y - a book of Geomancy

   Spells                             Type                      Level
   a - Sandblast                      Earth                        1
   b - Passwall                       Transmutation/Earth          2
   c - Stone Arrow                    Conjuration/Earth            3
   d - Petrify                        Transmutation/Earth          4
   e - Lee's Rapid Deconstruction     Earth                        5
 C - a book of Conjurations

   Spells                             Type                      Level
   a - Magic Dart                     Conjuration                  1
   b - Searing Ray                    Conjuration                  2
   c - Dazzling Spray                 Conjuration/Hexes            3
   d - Fulminant Prism                Conjuration/Hexes            4
   e - Iskenderun's Mystic Blast      Conjuration                  4
   f - Iskenderun's Battlesphere      Conjuration/Charms           5
Comestibles
 c - 4 bread rations
 d - 3 meat rations


   Skills:
 + Level 1.3(0.8) Fighting
 + Level 2.7(2.2) Dodging
 + Level 2.5(2.0) Stealth
 + Level 1.8(1.3) Unarmed Combat
 + Level 6.8(6.2) Spellcasting
 + Level 7.7(7.2) Necromancy
   Level 0.1(0.0) Earth Magic


You had 11 spell levels left.
You knew the following spells:

 Your Spells              Type           Power        Failure   Level  Hunger
a - Pain                  Necr           ####         1%          1    None
b - Animate Dead          Necr           N/A          6%          4    ###....
d - Control Undead        Necr           #####.....   6%          4    ###....


Dungeon Overview and Level Annotations

Branches:
Dungeon (7/15)             Temple (1/1) D:5

Altars:
Ashenzari
Cheibriados
Dithmenos
Elyvilon
Fedhas
Gozag
Hepliaklqana
Kikubaaqudgha
Makhleb
Nemelex Xobeh
Okawaru
Qazlal
Ru
Sif Muna
Uskayaw
Vehumet
Yredelemnul
Zin
The Shining One


Innate Abilities, Weirdness & Mutations

You have sharp toenails.
You sometimes gain power by taking damage.


Message History

You feel better. The gnoll hits you.
* * * LOW HITPOINT WARNING * * *
The gnoll hits you from afar with an enchanted halberd.
* * * LOW HITPOINT WARNING * * *
The gnoll hits you!
* * * LOW HITPOINT WARNING * * *
The gnoll misses you. The gnoll closely misses you.
A hound comes into view.
The hound barks!
The gnoll hits you.
* * * LOW HITPOINT WARNING * * *
There is a stone staircase leading down here.
The gnoll closely misses you. The gnoll misses you.
You climb downwards.
There is a stone staircase leading up here.
It was a potion of haste.
You feel yourself speed up. The gnoll closely misses you. The gnoll hits you!
You die...
Kikubaaqudgha rasps: "You have failed me!
Welcome... death!"

###
#@#
#g#
#.#
#.#
#.#
..#
.##
.


You could see a gnoll.

Vanquished Creatures
  A water moccasin (D:4)
  2 ogres
  2 centaurs
  A scorpion (D:4)
  A crimson imp (D:6)
  A hound (D:5)
  5 orc priests
  4 orc wizards
  A bullfrog skeleton (D:6)
  5 worker ants
  A hound zombie (D:5)
  Robin (D:3)
  4 gnolls (D:4)
  A howler monkey skeleton (D:5)
  15 adders
  2 oozes
  An adder skeleton (D:6)
  4 worms (D:2)
  9 dart slugs
  6 leopard geckos
  13 orcs
  3 ball pythons
  6 giant cockroaches
  14 goblins
  12 hobgoblins
  3 jackals (D:2)
  7 kobolds
  2 quokkas
  11 bats
  6 frilled lizards
  A giant cockroach zombie (D:5)
  A leopard gecko skeleton (D:4)
  6 rats
152 creatures vanquished.

Vanquished Creatures (collateral kills)
  A crimson imp (D:5)
  An adder (D:3)
  2 orcs (D:4)
4 creatures vanquished.

Grand Total: 156 creatures vanquished

Notes
Turn   | Place    | Note
-------+----------+-------------------------------------------
     0 | D:1      | JustSomeDude the Demonspawn Necromancer began the quest for the Orb.
     0 | D:1      | Reached XP level 1. HP: 13/13 MP: 3/3
     4 | D:1      | Noticed an electric eel
    19 | D:1      | Noticed an electric eel
   224 | D:1      | Gained mutation: You have sharp toenails. [demonic ancestry]
   224 | D:1      | Reached XP level 2. HP: 13/19 MP: 0/5
   901 | D:1      | Gained mutation: You sometimes gain a little power by taking damage. [demonic ancestry]
   901 | D:1      | Reached XP level 3. HP: 16/24 MP: 0/6
  1098 | D:1      | Reached skill level 5 in Necromancy
  1598 | D:2      | Found a faded altar of an unknown god.
  1652 | D:2      | Reached XP level 4. HP: 21/30 MP: 2/8
  1871 | D:2      | Learned a level 4 spell: Animate Dead
  2613 | D:3      | Reached XP level 5. HP: 32/35 MP: 10/10
  3552 | D:3      | Noticed Robin
  3563 | D:3      | Killed Robin
  3728 | D:4      | Noticed a water moccasin
  3738 | D:4      | Killed a water moccasin
  3738 | D:4      | Reached skill level 6 in Necromancy
  3738 | D:4      | Reached XP level 6. HP: 16/42 MP: 9/13
  4081 | D:4      | Reached skill level 5 in Spellcasting
  4407 | D:4      | Reached skill level 1 in Fighting
  4407 | D:4      | Reached XP level 7. HP: 43/48 MP: 15/15
  4532 | D:4      | Reached skill level 7 in Necromancy
  5264 | D:5      | Entered Level 5 of the Dungeon
  6047 | D:5      | Reached skill level 1 in Unarmed Combat
  6190 | D:4      | Gained mutation: You sometimes gain power by taking damage. [demonic ancestry]
  6190 | D:4      | Reached XP level 8. HP: 19/54 MP: 17/17
  6485 | D:4      | Upgraded the game from 0.20-a0-16-g0876c8e to 0.20-a0-17-g69bea3c
  6693 | D:5      | Upgraded the game from 0.20-a0-17-g69bea3c to 0.20-a0-19-gd4fea00
  6764 | D:5      | Found a sacrificial altar of Ru.
  6926 | D:5      | Learned a level 1 spell: Sandblast
  7199 | D:5      | HP: 2/54 [wight/enchanted scimitar (2)]
  7397 | D:5      | Found a staircase to the Ecumenical Temple.
  7410 | Temple   | Entered the Ecumenical Temple
  7513 | Temple   | Became a worshipper of Kikubaaqudgha
  7566 | D:5      | Learned a level 4 spell: Control Undead
  7881 | D:6      | HP: 2/54 [gnoll (7)]
  7887 | D:6      | HP: 2/54 [gnoll (2)]
  7890 | D:7      | Slain by a gnoll

Vault maps used:
D:1:      arrival_aquarium_b, serial_corexii_hall, corexii_hall_statues_u,
          corexii_hall_statues_s
D:2:      ecumenical_altar_1, serial_bayou_lagoon_a, hangedman_decor_push,
          grunt_decor_clamped
D:3:      first_bread, uniq_robin
D:5:      minmay_misc_feat_hallway, lemuel_statue_altar
D:6:      dk_xom_monty_hall, uniq_eustachio
D:7:      kennysheep_housing_project, serial_shops,
          nicolae_shop_window_shopping, grunt_ogre_cave
Temple:   minmay_crystal_snake_temple

Skill      XL: |  1  2  3  4  5  6  7 |
---------------+----------------------+-----
Dodging        | 2 |  2.7
Stealth        | 2 |  2.5
Necromancy     | 5 6 7 |  7.7
Spellcasting   | 3 4 5 6 |  6.8
Fighting       | 1 |  1.3
Unarmed Combat | 1 |  1.8
Earth Magic    | |  0.1

Action                   |  1- 3 |  4- 6 |  7- 9 || total
-------------------------+-------+-------+-------++-------
Melee: Unarmed           |     8 |    13 |   211 ||   232
       Kick              |     2 |     1 |    39 ||    42
       Punch             |       |       |     1 ||     1
 Cast: Pain              |    73 |   160 |   126 ||   359
       Animate Dead      |       |     4 |     4 ||     8
       Sandblast         |       |       |    10 ||    10
       Control Undead    |       |       |     4 ||     4
  Use: Potion            |       |     6 |     8 ||    14
       Scroll            |       |       |     6 ||     6
 Stab: Sleeping          |       |       |     1 ||     1
       Distracted        |       |       |     1 ||     1
  Eat: Chunk             |     3 |     9 |    10 ||    22
       Pizza             |       |       |     1 ||     1
Armor: Robe              |     6 |    11 |    49 ||    66
       Skin              |       |    17 |       ||    17
Dodge: Dodged            |    25 |    37 |   184 ||   246
